 Dungeon Crawl Stone Soup version 0.31.0-11-ge490571c62 (webtiles) character file.

Game seed: 2553349803493394141

18 Gadfly the Trooper (level 2, 0/24 HPs)
             Began as a Demonspawn Monk on Feb 1, 2024.
             Succumbed to an adder's poison
             ... on level 2 of the Dungeon.
             The game lasted 00:01:44 (1434 turns).

Gadfly the Trooper (Demonspawn Monk)                Turns: 1434, Time: 00:01:45

Health: 0/24       AC:  3    Str: 11    XL:     2   Next: 51%
Magic:  2/2        EV: 13    Int: 10    God:
Gold:   88         SH:  0    Dex: 15    Spells: 1/1 levels left

rFire   . .          .
                       - Unarmed
rCold   + . .        c - orb {light}
rNeg    . . .        a - +0 robe
rPois   .            (helmet restricted)
rElec   .            (no cloak)
rCorr   .            (no gloves)
SInv    .            f - +0 pair of boots
Will    .....        (no amulet)
Stlth   +            i - ring of protection from cold
HPRegen 0.24/turn    (no ring)
MPRegen 0.08/turn

%: no passive effects
@: lethally poisoned (0 -> -4), glowing
A: antennae 1
a: no special abilities


You were on level 2 of the Dungeon.
You visited 1 branch of the dungeon, and saw 2 of its levels.

You collected 88 gold pieces.

Inventory:

Hand Weapons
 k - a +5 dagger
Armour
 a - a +0 robe (worn)
 c - an orb of light (worn)
 f - a +0 pair of boots (worn)
Jewellery
 i - a ring of protection from cold (left hand)
Scrolls
 h - a scroll of enchant weapon
Potions
 b - a potion of ambrosia
 d - 2 potions of lignification
 e - a potion of haste
 g - a potion of might
 j - a potion of attraction {unknown}


   Skills:
 - Level 3.0 Fighting
 + Level 2.8 Dodging
 * Level 2.9 Unarmed Combat
 * Level 1.3 Invocations
 * Level 0.6 Evocations
 * Level 0.5 Shapeshifting


You had one spell level left.
You didn't know any spells.
Your spell library contained the following spells:

 Spells                   Type           Power      Damage    Failure   Level
 Magic Dart               Conj           0%         1d3       36%         1
 Blink                    Tloc           0%         N/A       50%         2
 Call Imp                 Summ           0%         N/A       50%         2


Dungeon Overview and Level Annotations

Branches:
Dungeon (2/15)

Altars:


Innate Abilities, Weirdness & Mutations

You have a pair of small antennae on your head.


Message History

You feel sick.
You are no longer poisoned.
You barely miss the adder.
The adder is heavily wounded.
The adder bites you.
You are poisoned.
The adder poisons you! The adder barely misses you.
You barely miss the adder.
The adder is heavily wounded.
You feel sick. The adder bites you.
You completely miss the adder.
The adder is heavily wounded.
You feel sick. The adder bites you but does no damage.
You hit the adder.
The adder is almost dead.
The adder misses you.
You hit the adder but do no damage.
The adder is almost dead.
You feel sick. The adder closely misses you.
You barely miss the adder.
The adder is almost dead.
You feel sick. The adder barely misses you. x2
You closely miss the adder.
The adder is almost dead.
You feel sick.
You are no longer poisoned.
The adder barely misses you.
You completely miss the adder.
The adder is almost dead.
The adder bites you.
* * * LOW HITPOINT WARNING * * *
You barely miss the adder.
The adder is almost dead.
The adder bites you.
* * * LOW HITPOINT WARNING * * *
You are lethally poisoned!
The adder poisons you!
You hit the adder.
You kill the adder!
You die...

.... ..# #..#....... ...
... .......... .. ....
.......... .####### .....
#......... .#.....##.<...
#......... .#.###........
#......... ..............
#......... ...........#
####......... ...........#
#.@†g.#....#.
..########### #.###......#
..#>........###.#
#..#.....
..#.............#
#........
............##..# #.....
.. ................#
#........
..#..[......##.####...#.##
.............#......###.#
.########........#


You could see a goblin.

Vanquished Creatures
  An adder (D:2)
  2 ball pythons (D:1)
  3 endoplasms
  A giant cockroach (D:1)
  2 goblins
  A quokka (D:2)
  2 bats (D:1)
  3 kobolds
  4 rats
19 creatures vanquished.

Notes
Turn   | Place    | Note
-------+----------+-------------------------------------------
     0 | D:1      | Gadfly the Demonspawn Monk began the quest for the Orb.
     0 | D:1      | Reached XP level 1. HP: 18/18 MP: 1/1
   224 | D:1      | Found a faded altar of an unknown god.
   756 | D:1      | Reached skill level 1 in Invocations
   756 | D:1      | Gained mutation: You have a pair of small antennae on your
                  | head. [demonic ancestry]
   756 | D:1      | Reached XP level 2. HP: 18/24 MP: 2/2
  1434 | D:2      | Succumbed to an adder's poison

Illustrated notes

Levels and vault maps discovered:
D:1:      amcnicky_arrival_double_pillar, layout_basic,
          shapermc_ecumenical_altar_pompeii
D:2:      layout_basic, roderic_lattice_a

Skill      XL: |  1 |
---------------+----+-----
Invocations    | 1 |  1.3
Fighting       | |  3.0
Dodging        | |  2.8
Unarmed Combat | |  2.9
Evocations     | |  0.6
Shapeshifting  | |  0.5

Action                     || total
---------------------------++-------
  Melee: Unarmed           ||    68
    Use: Scroll            ||     4
         Potion            ||     1
 Armour: Robe              ||    29
  Dodge: Dodged            ||    44
